 Dungeon Crawl Stone Soup version 0.18.1-50-g88ac8fd (webtiles) character file.

7307 Peloso the Blocker (level 10, -32/91 HPs)
             Began as a Minotaur Fighter on Sept 12, 2016.
             Was a High Priest of Okawaru.
             Annihilated by a white ugly thing (40 damage)
             ... on level 9 of the Dungeon on Sept 14, 2016.
             The game lasted 00:27:00 (10383 turns).

Peloso the Blocker (Minotaur Fighter)              Turns: 10383, Time: 00:27:01

Health: -32/91     AC: 17    Str: 22    XL:     10   Next: 90%
Magic:  0/9        EV:  8    Int:  5    God:    Okawaru [*****.]
Gold:   732        SH: 12    Dex: 12    Spells: 0 memorised, 9 levels left

rFire  + . .     SeeInvis .     a - +1 long sword
rCold  x . .     Gourm    .     h - +0 plate armour
rNeg   . . .     Faith    .     c - +0 shield
rPois  .         Spirit   +     (helmet restricted)
rElec  .         Dismiss  .     k - +0 cloak
rCorr  +         Reflect  .     J - +0 pair of gloves
SustAt .         Harm     .     (no boots)
MR     .....                    y - amulet of guardian spirit
Stlth  ..........               w - ring of resist corrosion
                                p - ring of fire

@: drained, not resistant to hostile enchantments, extremely unstealthy
A: retaliatory headbutt, horns 2
a: Heroism, Finesse, Renounce Religion


You were on level 9 of the Dungeon.
You worshipped Okawaru.
Okawaru was extremely pleased with you.
You were not hungry.

You visited 2 branches of the dungeon, and saw 11 of its levels.

You collected 732 gold pieces.

Inventory:

Hand Weapons
 a - a +1 long sword (weapon)
 e - a +0 short sword of flaming
Armour
 c - a +0 shield (worn)
 h - a +0 plate armour (worn)
 k - a +0 cloak (worn)
 J - a +0 pair of gloves (worn)
Jewellery
 p - a ring of fire (left hand)
 w - a ring of resist corrosion (right hand)
 y - an amulet of guardian spirit (around neck)
Wands
 b - a wand of iceblast (7/15)
 n - a wand of lightning (15/15)
 v - a wand of enslavement (12/24)
 x - a wand of slowing (7/48)
 A - a wand of paralysis (14/24)
 D - a wand of slowing (31/48)
 H - a wand of flame (30/48)
Scrolls
 g - a scroll of teleportation
 j - a scroll of blinking
 l - 7 scrolls of remove curse
 s - 3 scrolls of recharging
 t - a scroll of enchant weapon
 u - a scroll of torment {unknown}
 C - a scroll of magic mapping {unknown}
 E - a scroll of amnesia
 F - a scroll of identify
 K - 2 scrolls of vulnerability {unknown}
Potions
 d - a potion of might
 i - 6 potions of curing
 r - a potion of cure mutation
 z - 2 potions of invisibility
 G - a potion of flight
Comestibles
 f - 7 bread rations
 m - 2 slices of pizza
 o - 2 fruits
 q - 8 meat rations
 B - a royal jelly


   Skills:
 + Level 9.1(9.0) Fighting
 + Level 10.3 Long Blades
 + Level 9.9 Armour
 + Level 4.9(4.8) Dodging
 + Level 1.2 Stealth
 + Level 11.0 Shields
 + Level 1.1(1.0) Invocations


You had 9 spell levels left.
You didn't know any spells.

Dungeon Overview and Level Annotations

Branches:
Dungeon (10/15)            Temple (0/1) D:5            Lair (0/8) D:9
    Orc (1/2) D:9

Altars:
Dithmenos
Nemelex Xobeh
Okawaru
Sif Muna
Trog
Xom
Yredelemnul
Zin
Beogh

Shops:
D:3 *   D:6 }   D:8 (


Innate Abilities, Weirdness & Mutations

You reflexively headbutt those who attack you in melee.
You have a pair of horns on your head.


Message History

You feel like a meek peon again.
All of the chunks of flesh in your inventory have rotted away.
There is an open door here.
There is an open door here.
You see here 28 stones.
A white ugly thing comes into view.
The white ugly thing gurgles horribly!
You block the white ugly thing's attack.
There is a stone staircase leading up, spattered with blood here.
The white ugly thing punches you. The white ugly thing freezes you!!!
You feel a terrible chill!
* * * LOW HITPOINT WARNING * * *
You climb upwards.
There is a stone staircase leading down here.
The white ugly thing punches you but does no damage.
There is a stone staircase leading down here.
The white ugly thing punches you.
* * * LOW HITPOINT WARNING * * *
The white ugly thing freezes you!!!
You feel a terrible chill!
You die...

#..#..#..# ###.#### #
#..##.#..# #.....# ##
#........# #.....# #.
#.......## #.....# #.
#.......# #.....# #.
#.###.#.# #...(.# #.
#.##..#.# ####### #.
#.##>##.# #. #....u@.#
#.
#.......##############.
#.##.#.([....#.........
#.##......##.#.########
#.####..#......#
#.####..####.###
#.......####.#
#######......# ########


You could see a white ugly thing.

Vanquished Creatures
  A hill giant (D:10)
  2 two-headed ogres
  A vampire (D:10)
  4 yaks (D:10)
  A hungry ghost (D:8)
  A hippogriff (D:7)
  A water moccasin (D:7)
  4 ice beasts
  A phantom (D:7)
  2 sky beasts
  3 black bears
  10 orc warriors
  An eye of draining (D:10)
  A wasp (D:7)
  6 ogres
  3 necrophages (D:9)
  2 centaurs
  6 giant frogs
  Blork the orc (D:4)
  2 scorpions
  A killer bee (D:9)
  8 wights
  2 howler monkeys (D:10)
  6 crimson imps
  A centaur zombie (D:7)
  2 giant frog zombies
  8 hounds
  2 jellies
  5 orc wizards
  5 orc priests
  A centaur skeleton (D:8)
  3 iguanas
  Natasha (D:2)
  3 worker ants
  2 hound skeletons
  A worker ant zombie (D:9)
  11 adders
  4 gnolls (D:9)
  4 shadow imps
  2 oozes
  2 adder skeletons (D:9)
  A worm (D:3)
  A dart slug (D:1)
  3 giant geckos
  53 orcs
  5 giant cockroaches
  11 goblins
  3 hobgoblins
  6 jackals
  5 kobolds
  4 quokkas
  5 bats
  9 giant newts
  A jackal skeleton (D:7)
  5 rats
  A fungus (D:2)
240 creatures vanquished.

Notes
Turn   | Place    | Note
--------------------------------------------------------------
     0 | D:1      | Peloso the Minotaur Fighter began the quest for the Orb.
     0 | D:1      | Reached XP level 1. HP: 19/19 MP: 0/0
   321 | D:1      | Reached XP level 2. HP: 27/27 MP: 1/1
   803 | D:2      | Reached skill level 4 in Shields
   816 | D:2      | Reached XP level 3. HP: 33/33 MP: 2/2
  1236 | D:2      | Reached XP level 4. HP: 38/40 MP: 3/3
  1251 | D:2      | Found a faded altar to an unknown god.
  1431 | D:2      | Noticed Natasha
  1432 | D:2      | Killed Natasha
  1449 | D:2      | Found a shadowy altar of Dithmenos.
  1891 | D:3      | Reached skill level 5 in Shields
  2124 | D:3      | Found Zin's Purification Station.
  2131 | D:3      | Found a glowing silver altar of Zin.
  2560 | D:4      | Reached XP level 5. HP: 46/47 MP: 4/4
  2712 | D:4      | Found a sparkling altar of Nemelex Xobeh.
  2826 | D:4      | Reached skill level 1 in Dodging
  2861 | D:4      | Found a basalt altar of Yredelemnul.
  2906 | D:4      | Reached skill level 5 in Armour
  2909 | D:4      | Reached XP level 6. HP: 6/53 MP: 1/5
  3366 | D:4      | Found a bloodstained altar of Trog.
  3366 | D:4      | Noticed Blork the orc
  3376 | D:4      | Killed Blork the orc
  3781 | D:5      | Entered Level 5 of the Dungeon
  3846 | D:5      | Found an iron altar of Okawaru.
  3887 | D:5      | Became a worshipper of Warmaster Okawaru
  3904 | D:5      | Upgraded the game from 0.18.1-48-g4cf74bf to 0.18.1-50-g88ac8fd
  4098 | D:5      | Reached skill level 5 in Fighting
  4098 | D:5      | Reached skill level 6 in Shields
  4250 | D:5      | Reached XP level 7. HP: 61/61 MP: 6/6
  4523 | D:5      | Reached skill level 5 in Long Blades
  4578 | D:5      | Found a staircase to the Ecumenical Temple.
  4778 | D:6      | Found a sparkling altar of Nemelex Xobeh.
  4837 | D:6      | Reached * piety under Okawaru
  4867 | D:6      | Found Kaowav's Gadget Boutique.
  4913 | D:6      | Reached XP level 8. HP: 67/70 MP: 5/7
  5064 | D:6      | Reached skill level 7 in Shields
  5073 | D:6      | Found a deep blue altar of Sif Muna.
  5524 | D:7      | Reached ** piety under Okawaru
  6227 | D:7      | Reached skill level 8 in Shields
  6267 | D:7      | Reached XP level 9. HP: 78/78 MP: 8/8
  6760 | D:8      | Found Zupsuzya's Antique Weapon Emporium.
  6817 | D:8      | Reached *** piety under Okawaru
  7331 | D:9      | Reached skill level 9 in Shields
  7362 | D:9      | Reached skill level 1 in Stealth
  7370 | D:9      | Found a staircase to the Orcish Mines.
  8292 | D:9      | Reached **** piety under Okawaru
  8292 | D:9      | Reached XP level 10. HP: 88/88 MP: 9/9
  8376 | D:9      | Found a shimmering altar of Xom.
  8593 | D:9      | Found a staircase to the Lair.
  8788 | Orc:1    | Entered Level 1 of the Orcish Mines
  8803 | D:10     | Entered Level 10 of the Dungeon
  8947 | D:10     | Found a roughly hewn altar of Beogh.
  8961 | D:10     | Reached skill level 10 in Shields
  9667 | D:9      | Reached skill level 1 in Invocations
 10120 | D:10     | Reached skill level 10 in Long Blades
 10298 | D:10     | Noticed a hill giant
 10321 | D:10     | Killed a hill giant
 10321 | D:10     | Reached skill level 11 in Shields
 10327 | D:10     | Reached ***** piety under Okawaru
 10365 | D:10     | Noticed a white ugly thing
 10383 | D:9      | Annihilated by a white ugly thing

Skill      XL: |  1  2  3  4  5  6  7  8  9 10 |
---------------+-------------------------------+-----
Fighting       | 4 5 6 7 9 |  9.1
Armour         | 4 5 6 7 9 |  9.9
Shields        | 4 5 6 8 9 11 | 11.0
Long Blades    | 3 4 5 6 8 10 | 10.3
Dodging        | 1 2 3 4 |  4.9
Stealth        | 1 |  1.2
Invocations    | 1 |  1.1

Action                   |  1- 3 |  4- 6 |  7- 9 | 10-12 || total
-------------------------+-------+-------+-------+-------++-------
Melee: Long sword        |    80 |   151 |   391 |   292 ||   914
       Headbutt          |    13 |    19 |    81 |    68 ||   181
Invok: Heroism           |       |       |     1 |     7 ||     8
  Use: Scroll            |       |       |    15 |     4 ||    19
  Eat: Chunk             |     1 |    10 |    14 |     7 ||    32
       Fruit             |       |       |       |     1 ||     1
Armor: Scale mail        |    32 |     2 |       |       ||    34
       Chain mail        |       |    75 |   135 |       ||   210
       Plate armour      |       |       |    16 |    74 ||    90
Dodge: Dodged            |    20 |    40 |    98 |    65 ||   223
Block: Shield            |    38 |    86 |   209 |   141 ||   474
